 Dungeon Crawl Stone Soup version 0.24.0-10-g970556be89 (console) character file.

Game seed: 17152915323676850435, levelgen mode: deterministic

488757 AlterAsc the Slayer (level 25, 0/175 HPs)
             Began as a Tengu Gladiator on Nov 3, 2019.
             Was a High Priest of Okawaru.
             Killed by the air
             ... invoked by a blizzard demon
              (25 damage)
             ... on level 5 of the Abyss on Nov 4, 2019.
             The game lasted 04:35:49 (58060 turns).

AlterAsc the Slayer (Tengu Gladiator)              Turns: 58060, Time: 04:35:49

Health: 0/175      AC: 17    Str: 30    XL:     25   Next: 0%
Magic:  30/30      EV: 32    Int: 14    God:    Okawaru [*****.]
Gold:   721        SH: 19    Dex: 18    Spells: 30/32 levels left

rFire    + + .     SeeInvis +   a - +9 double sword (slice)
rCold    x . .     Gourm    .   V - +4 shield
rNeg     . . .     Faith    .   Y - +0 fire dragon scales
rPois    .         Spirit   .   m - +2 hat {MR+}
rElec    .         Reflect  .   R - scarf {repulsion}
rCorr    .         Harm     .   H - +1 pair of gloves {Dex+3}
MR       +++..     Rnd*Rage +   (boots unavailable)
Stlth    +.........             u - amulet of regeneration
HPRegen  0.39/turn              v - ring of see invisible
MPRegen  0.22/turn              S - ring "Saliux" {MR+ Str+7 Int+3 Stlth+}

@: flying quickly and evasively, studying 2 skills, repel missiles, quick
A: beak, talons 3, berserk 1, clumsy 1, no potion heal 1, able to fly
}: 2/15 runes: serpentine, barnacled
a: Stop Flying, Heroism, Finesse, Renounce Religion


You were on level 5 of the Abyss.
You worshipped Okawaru.
Okawaru was extremely pleased with you.
You were not hungry.

You visited 9 branches of the dungeon, and saw 42 of its levels.
You visited the Abyss 1 time.
You also visited: Sewer.

You collected 6025 gold pieces.
You spent 5304 gold pieces at shops.

Inventory:

Hand Weapons
 a - a +9 double sword of slicing (weapon)
 b - a +4 demon blade of flaming
Armour
 d - the +4 ring mail "Sas Pia" {rN+}
   (You found it on level 1 of the Shoals)

   It protects you from negative energy.
 i - the +0 fire dragon scales "Qiun" {*Slow +Fly rElec rF++ rC-}
   (You bought it in a shop on level 4 of the Shoals)

   It greatly protects you from fire.
   It makes you vulnerable to cold.
   It insulates you from electricity.
   It lets you fly.
   It may slow you when you take damage.
 m - a +2 hat of magic resistance (worn)
 B - a +1 shield of reflection
 C - a scarf of spirit shield
 H - a +1 pair of gloves of dexterity (worn)
 R - a scarf of repulsion (worn)
 U - the +2 hat of Pooloul {+Inv rCorr}
   (You acquired it on level 2 of the Snake Pit)

   It lets you turn invisible.
   It provides partial protection from all sources of acid and corrosion.
 V - a +4 shield (worn)
 Y - +0 fire dragon scales (worn)
 Z - +0 ice dragon scales
Jewellery
 k - the ring "Xiaj Ext" {rPois MP+9 Dex+4 Stlth+}
   (You found it on level 3 of the Depths)

   [ring of stealth]

   It affects your dexterity (+4).
   It protects you from poison.
   It affects your magic capacity (+9).
   It makes you more stealthy.
 r - an uncursed ring of protection from magic
 u - an amulet of regeneration (around neck)
 v - a ring of see invisible (left hand)
 D - a cursed ring of positive energy
 E - the amulet "Piob" {Acrobat +Blink rC+ Str+3}
   (You bought it in a shop on level 3 of the Snake Pit)

   [amulet of the acrobat]

   It helps you evade while moving and waiting.
   It affects your strength (+3).
   It protects you from cold.
   It lets you blink.
 I - a +6 ring of dexterity
 M - a +3 ring of slaying
 P - an uncursed ring of protection from cold
 S - the ring "Saliux" (right hand) {MR+ Str+7 Int+3 Stlth+}
   (You bought it in a shop on level 3 of the Snake Pit)

   [ring of intelligence]

   It affects your strength (+7).
   It affects your intelligence (+3).
   It affects your resistance to hostile enchantments.
   It makes you more stealthy.
Wands
 c - a wand of digging (12)
Scrolls
 g - a scroll of brand weapon {unknown}
 l - 3 scrolls of torment
 q - 9 scrolls of teleportation
 s - a scroll of amnesia
 y - a scroll of blinking
 K - 4 scrolls of holy word
 N - 22 scrolls of identify
 O - 12 scrolls of remove curse
 Q - 3 scrolls of fog
 T - 3 scrolls of magic mapping
 X - 2 scrolls of fear
Potions
 e - a potion of ambrosia
 h - 2 potions of brilliance
 j - a potion of mutation
 n - 2 potions of resistance
 o - a potion of heal wounds
 t - 3 potions of haste
 w - 3 potions of agility
 x - 3 potions of cancellation
 z - 9 potions of curing
 A - 6 potions of magic
 F - a potion of berserk rage
 G - 3 potions of might
 J - 3 potions of invisibility
Books
 p - a manual of Earth Magic
 L - a manual of Maces & Flails
Comestibles
 f - 60 rations


   Skills:
 * Level 22.9 Fighting
 - Level 22.0 Long Blades
 - Level 2.1 Throwing
 + Level 13.5 Armour
 - Level 22.0 Dodging
 + Level 13.5 Shields
 - Level 4.3 Spellcasting
 - Level 4.0 Translocations
 - Level 7.0 Invocations


You had 30 spell levels left.
You knew the following spells:

 Your Spells              Type           Power        Failure   Level  Hunger
a - Blink                 Tloc           N/A          13%         2    ##.....

Your spell library contained the following spells:

 Spells                   Type           Power        Failure   Level  Hunger
 Apportation              Tloc           ##....       9%          1    None
 Shroud of Golubria       Chrm/Tloc      #.....       28%         2    ##.....
 Animate Skeleton         Necr           N/A          41%         1    None
 Confusing Touch          Hex            #.....       41%         1    None
 Corona                   Hex            #......      41%         1    None
 Infusion                 Chrm           #...         41%         1    None
 Magic Dart               Conj           #...         41%         1    None
 Pain                     Necr           #...         41%         1    None
 Sandblast                Erth           #.....       41%         1    None
 Sting                    Conj/Pois      #...         41%         1    None
 Summon Butterflies       Summ           #.......     41%         1    None
 Summon Small Mammal      Summ           #...         41%         1    None
 Portal Projectile        Hex/Tloc       #.....       50%         3    ###....
 Recall                   Summ/Tloc      N/A          50%         3    ###....
 Call Imp                 Summ           #.......     54%         2    ##.....
 Passwall                 Tmut/Erth      #.......     54%         2    ##.....
 Searing Ray              Conj           #.....       54%         2    ##.....
 Slow                     Hex            #.......     54%         2    ##.....
 Song of Slaying          Chrm           #.......     54%         2    ##.....
 Passage of Golubria      Tloc           N/A          63%         4    ####...
 Call Canine Familiar     Summ           #.......     78%         3    ###....
 Conjure Flame            Conj/Fire      #.......     78%         3    ###....
 Dazzling Spray           Conj/Hex       #.....       78%         3    ###....
 Ignite Poison            Fire/Tmut/Pois #.......     78%         3    ###....
 Inner Flame              Hex/Fire       #.......     78%         3    ###....
 Mephitic Cloud           Conj/Pois/Air  #.......     78%         3    ###....
 Regeneration             Chrm/Necr      #.........   78%         3    ###....
 Spectral Weapon          Hex/Chrm       #.......     78%         3    ###....
 Stone Arrow              Conj/Erth      #.....       78%         3    ###....
 Vampiric Draining        Necr           #.........   78%         3    ###....
 Force Lance              Conj/Tloc      #.......     88%         4    ####...
 Animate Dead             Necr           N/A          99%         4    ####...
 Cause Fear               Hex            #.........   99%         4    ####...
 Fulminant Prism          Conj/Hex       #.........   99%         4    ####...
 Ice Form                 Ice/Tmut       #.......     99%         4    ####...
 Iskenderun's Mystic Bla  Conj           #.......     99%         4    ####...
 Leda's Liquefaction      Hex/Erth       #.........   99%         4    ####...
 Petrify                  Tmut/Erth      #.......     99%         4    ####...
 Summon Ice Beast         Ice/Summ       #.......     99%         4    ####...
 Summon Lightning Spire   Summ/Air       #.......     99%         4    ####...
 Throw Icicle             Conj/Ice       #.......     99%         4    ####...
 Summon Forest            Summ/Tloc      #.........   99%         5    ######.
 Alistair's Intoxication  Tmut/Pois      #.......     100%        5    ######.
 Bolt of Magma            Conj/Fire/Erth #.........   100%        5    ######.
 Fireball                 Conj/Fire      #.........   100%        5    ######.
 Iskenderun's Battlesphe  Conj/Chrm      #.......     100%        5    ######.
 Lee's Rapid Deconstruct  Erth           #.........   100%        5    ######.
 Summon Mana Viper        Hex/Summ       #.......     100%        5    ######.
 Venom Bolt               Conj/Pois      #.........   100%        5    ######.
 Bolt of Fire             Conj/Fire      #.........   100%        6    #######
 Iron Shot                Conj/Erth      #.........   100%        6    #######
 Orb of Destruction       Conj           #.........   100%        7    #######
 Ring of Flames           Chrm/Fire      #.........   100%        7    #######
 Spellforged Servitor     Conj/Summ      #.........   100%        7    #######
 Summon Hydra             Summ           #.........   100%        7    #######
 Ignition                 Fire           #.........   100%        8    #######
 Dragon's Call            Summ           #.........   100%        9    #######


Dungeon Overview and Level Annotations

Branches:
Dungeon (15/15)            Temple (1/1) D:7            Lair (6/6) D:11
 Shoals (4/4) Lair:2        Snake (4/4) Lair:2        Slime (0/5) Lair:5
    Orc (2/2) D:9             Elf (0/3) Orc:2        Vaults (4/5) D:14
  Crypt (1/3) Vaults:3     Depths (5/5) D:15            Zot (0/5) Depths:5
  Sewer (visited)

Altars:
Ashenzari
Cheibriados
Dithmenos
Elyvilon
Fedhas
Gozag
Hepliaklqana
Kikubaaqudgha
Makhleb
Nemelex Xobeh
Okawaru
Qazlal
Ru
Sif Muna
Trog
Uskayaw
Vehumet
Wu Jian
Xom
Yredelemnul
Zin
The Shining One
Beogh
Jiyva

Shops:
D:12 !   Orc:2 **=*[([   Shoals:1 [((}%   Shoals:4 [   Snake:1 !:((
Snake:3 =}=   Vaults:1 [   Vaults:2 *   Vaults:3 ?   Depths:1 [

Portals:
Hell: Depths:1 Depths:2 Depths:3 Depths:4 Depths:5
Abyss: Depths:4
Pandemonium: Depths:3
Ziggurat: Depths:2

Annotations:
D:8 exclusion: statue
D:14 Roxanne
Lair:3 1 runed translucent door, exclusion: 3 oklob plants, Irhican's ghost, journeyman MiBe
Lair:4 exclusion: 2 oklob plants
Lair:5 3 runed translucent doors, Wolly's ghost, journeyman CeAM
Lair:6 2 transporters, Rexfelis's ghost, journeyman MiBe
Snake:3 3 runed translucent doors


Innate Abilities, Weirdness & Mutations

You have a beak for a mouth.
You have claws for feet.
You can fly continuously.
You tend to lose your temper in combat.
You are clumsy. (Dex -2)
Potions are less effective at restoring your health.


Message History

You block the neqoxec's attack.
You slice the neqoxec!!
You kill the neqoxec!
Okawaru accepts your kill.
You hear a shout!
You hear a roar!
You start resting.
A blizzard demon comes into view.
You slash the blizzard demon! Your kick misses the blizzard demon.
You peck the blizzard demon.
The blizzard demon is moderately wounded.
The blizzard demon hits you but does no damage.
The blizzard demon completely misses you.
You barely miss the blizzard demon. You claw the blizzard demon!
The blizzard demon is moderately wounded.
You slash the blizzard demon!
You claw the blizzard demon, but do no damage.
The blizzard demon is heavily wounded.
The blizzard demon waves its arms in wide circles.
The air twists around and violently strikes you in flight!!
You die...

. . # ..#
..#. . .
.## ##2#
#@.##
###.##
#..###..#
...##
...# #.#
. # ##
.##.. #
#.# #.#
.# .


You could see a blizzard demon.

Vanquished Creatures
  A juggernaut (Depths:1)
  Frederick (Depths:5)
  Bai Suzhen (Depths:3)
  Saint Roka (Snake:2)
  Nikola (Shoals:4)
  2 golden dragons
  The ghost of XiaXia the Slayer, an adept MiBe of Trog (Vaults:4)
  A bone dragon (Abyss:1)
  A lich (Abyss:4)
  3 tentacled monstrosities
  Jorgrun (Shoals:2)
  Rupert (Snake:1)
  4 sphinxes
  Polyphemus (Shoals:4)
  8 tentacled starspawn
  Gastronok (Lair:3)
  A shadow dragon (Depths:4)
  4 draconian monks
  The ghost of Tuffe the Warrior, an adept FoFi of Okawaru (Snake:2)
  9 nagarajas
  2 storm dragons (Depths:4)
  A daeva (Abyss:1)
  4 tengu reavers
  2 deep elf sorcerers (Vaults:4)
  5 fire giants
  A cacodemon (Abyss:3)
  9 frost giants
  4 orc warlords
  12 vault wardens
  A caustic shrike zombie (Depths:2)
  2 balrugs
  An angel (Abyss:4)
  Aizul (Snake:3)
  A spriggan defender (Depths:5)
  8 ironheart preservers
  The ghost of kkkmkkk the Thaumaturge, a journeyman GnWz of Sif Muna (Orc:2)
  2 draconian annihilators
  12 very ugly things
  A juggernaut skeleton (Depths:2)
  3 entropy weavers
  20 stone giants
  A vampire knight (Depths:1)
  Nessos (D:13)
  A corrupter (Abyss:4)
  A green draconian (Depths:5)
  3 purple draconians (Depths:5)
  A lorocyproca (Abyss:3)
  A yellow draconian (Abyss:3)
  A black draconian (Depths:5)
  24 small abominations
  A red draconian (Depths:5)
  6 spark wasps
  4 ettins
  An eidolon (Abyss:3)
  A merfolk javelineer (Shoals:4)
  Snorg (Lair:5)
  2 deep elf death magi (Vaults:4)
  2 deep elf high priests (Depths:4)
  A blizzard demon (Abyss:1)
  13 fire dragons
  9 yaktaur captains
  5 merfolk impalers
  2 jiangshi (Depths:2)
  9 great orbs of eyes
  8 rakshasas
  16 vault guards
  9 naga warriors
  2 monstrous demonspawn (Abyss:4)
  Harold (D:8)
  8 hydras
  5 ice dragons
  2 catoblepae
  4 spriggan air magi
  2 merfolk avatars
  12 ogre magi
  8 anacondas
  2 merfolk aquamancers (Shoals:4)
  5 death knights
  37 two-headed ogres
  11 centaur warriors
  3 satyrs (Shoals:4)
  5 death yaks
  5 tengu warriors
  4 hell hogs
  5 vampire magi
  6 deep troll earth magi
  An alligator (shapeshifter) (Vaults:1)
  9 thrashing horrors
  12 naga sharpshooters
  8 deep troll shamans
  Nergalle (D:12)
  The ghost of Fiuqy the Cruncher, a novice DrTm of Kikubaaqudgha (D:9)
  3 shock serpents
  3 sun demons
  2 orc high priests (Orc:2)
  4 spriggan berserkers (Depths:5)
  Sonja (Lair:1)
  9 hell knights
  A shadow wraith (Abyss:1)
  2 deep elf knights
  A sixfirhy (Abyss:1)
  21 skeletal warriors
  4 titan skeletons (Depths:2)
  A death drake (shapeshifter) (D:15)
  12 wretched stars
  2 spatial maelstroms (Abyss:3)
  An unseen horror (shapeshifter) (D:13)
  A death drake (Depths:1)
  An iron troll (Depths:5)
  A spectral anaconda (Snake:2)
  5 salamander mystics
  6 unseen horrors
  16 deep trolls
  2 flayed ghosts
  8 glowing orange brains
  A shadow demon (Abyss:4)
  8 naga ritualists
  8 sea snakes
  17 ironbrand convokers
  Pikel (D:6)
  6 deep elf magi
  3 lindwurms
  A wolf spider zombie (D:13)
  A phantasmal warrior (Vaults:4)
  3 wizards
  A harpy (shapeshifter) (Depths:1)
  23 orc knights
  3 deep elf archers
  3 necromancers (Depths:2)
  A stone giant zombie (Depths:2)
  8 orc sorcerers
  2 tengu skeletons (Depths:2)
  9 fauns
  11 harpies
  17 mana vipers
  5 cyclopes
  3 oklob plants
  16 salamanders
  2 sphinx skeletons (Depths:2)
  25 ugly things
  4 wolf spiders
  36 large abominations
  13 manticores
  A shadow dragon skeleton (Depths:2)
  10 elephants
  2 worldbinders
  8 merfolk sirens
  A spectral shock serpent (Snake:2)
  2 fire giant skeletons (Depths:2)
  4 stone giant skeletons (Depths:2)
  2 apocalypse crabs
  25 naga magi
  Joseph (D:7)
  5 torpor snails (Lair:6)
  3 guardian serpents (Snake:4)
  7 smoke demons
  37 black mambas
  4 orange demons
  5 water nymphs (Shoals:4)
  18 spiny frogs
  9 vault sentinels
  2 gargoyles
  A spiny frog (shapeshifter) (Depths:3)
  2 efreet
  2 spriggan zombies (Depths:2)
  6 rime drakes
  46 yaktaurs
  6 komodo dragons
  A kobold demonologist (Depths:4)
  5 freezing wraiths
  3 hellwings
  A demonic crawler (Abyss:1)
  2 tengu conjurers
  An ice devil (Abyss:4)
  An anaconda simulacrum (Snake:2)
  23 merfolk
  2 elf skeletons (Depths:2)
  12 trolls
  2 queen bees
  A meliai (shapeshifter) (Depths:2)
  11 polar bears
  4 spriggan skeletons (Depths:2)
  4 tyrant leeches (Lair:6)
  11 ancient zymes
  A troll (shapeshifter) (Depths:3)
  7 meliai
  12 blink frogs
  12 hornets
  3 spectral nagas (Snake:2)
  A blink frog (shapeshifter) (Vaults:4)
  3 wind drakes
  A hippogriff (shapeshifter) (D:15)
  A fire dragon zombie (Abyss:3)
  11 raiju
  3 dream sheep (Shoals:1)
  8 hippogriffs
  31 slime creatures
  A human simulacrum (Vaults:2)
  A snapping turtle (Shoals:2)
  A frost giant simulacrum (Depths:2)
  7 redbacks
  A spectral black mamba (Snake:2)
  7 ettin skeletons (Depths:2)
  17 flying skulls
  5 shadows
  A vampire (D:14)
  A spriggan (shapeshifter) (Vaults:3)
  3 wyverns
  A human (shapeshifter) (Depths:2)
  A tarantella (shapeshifter) (Vaults:3)
  A yak (shapeshifter) (Vaults:2)
  4 ynoxinuls
  4 hogs (D:7)
  A human (D:7)
  12 water elementals
  2 orc simulacra (Vaults:1)
  48 yaks
  10 wraiths
  A fire elemental (Depths:4)
  A golden eye (shapeshifter) (Depths:2)
  Grum (D:10)
  4 basilisks
  A hog (shapeshifter) (Vaults:3)
  A steam dragon (D:10)
  A basilisk (shapeshifter) (Vaults:1)
  A hungry ghost (D:11)
  8 neqoxecs
  15 wargs
  3 chaos spawn
  11 vampire mosquitoes
  47 nagas
  A soldier ant (shapeshifter) (Abyss:5)
  Duvessa (D:6)
  16 hell hounds
  5 water moccasins
  Purgy (Sewer)
  4 swamp drakes (Depths:1)
  A floating eye (Depths:3)
  9 porcupines
  63 orc warriors
  An ice beast (D:9)
  12 black bears
  17 starcursed masses
  An ettin simulacrum (Vaults:1)
  2 hornet zombies
  A necrophage (D:8)
  7 phantoms
  9 boggarts
  28 ogres
  A black mamba simulacrum (Snake:2)
  2 sky beasts
  20 wolves
  21 centaurs
  A wolf (shapeshifter) (Abyss:3)
  11 crocodiles
  5 big kobolds
  Blork the orc (Orc:2)
  12 bullfrogs
  Dowan (D:6)
  2 earth elementals (Abyss:2)
  2 gnoll sergeants
  2 scorpions
  42 killer bees
  21 wights
  An electric eel (Lair:3)
  4 howler monkeys
  5 centaur zombies
  5 crimson imps
  An elf simulacrum (Abyss:3)
  A quasit (Abyss:1)
  11 hounds
  6 iron imps
  A jelly (Abyss:4)
  3 bullfrog skeletons
  26 orc priests
  17 orc wizards
  2 gnoll shamans (D:10)
  5 iguanas
  Jessica (D:2)
  Natasha (D:4)
  4 centaur skeletons
  A hell rat (Lair:4)
  12 worker ants
  A hound zombie (D:7)
  2 hound skeletons
  Robin (D:4)
  A worker ant zombie (D:8)
  24 gnolls
  15 adders
  A naga simulacrum (Snake:2)
  A river rat (Lair:4)
  6 shadow imps
  4 white imps
  6 ufetubi
  2 oozes
  An adder skeleton (D:4)
  2 worms (D:3)
  7 leopard geckos
  86 orcs
  8 giant cockroaches
  15 goblins
  8 hobgoblins
  12 jackals
  A quokka (D:11)
  3 ball pythons
  12 bats
  8 frilled lizards
  23 kobolds
  A quokka zombie (D:6)
  13 rats
  A plant (Shoals:4)
  8 starspawn tentacles
2072 creatures vanquished.

Vanquished Creatures (others)
  A fire giant (Vaults:3)
  A draconian knight (Depths:1)
  A catoblepas (Shoals:4)
  A thrashing horror (Abyss:1)
  A naga sharpshooter (Snake:1)
  A sixfirhy (Abyss:1)
  A naga ritualist (Snake:2)
  A spectral anaconda (Snake:2)
  A large abomination (Abyss:1)
  A chaos spawn (Abyss:1)
  An ogre (Vaults:4)
  2 centaurs
  A small abomination (Abyss:1)
  A quasit (Abyss:1)
  An orc wizard (D:13)
  A white imp (Abyss:1)
  An orc (Orc:2)
  7 demonic plants (Abyss:3)
  6 fungi
  A lurking horror (Abyss:3)
  56 plants
  9 starspawn tentacles
  A withered plant (Vaults:4)
98 creatures vanquished.

Grand Total: 2170 creatures vanquished

Notes
Turn   | Place    | Note
-------+----------+-------------------------------------------
     0 | D:1      | AlterAsc the Tengu Gladiator began the quest for the Orb.
     0 | D:1      | Reached XP level 1. HP: 12/12 MP: 2/2
   319 | D:1      | Reached XP level 2. HP: 17/17 MP: 3/3
   619 | D:1      | Reached XP level 3. HP: 19/22 MP: 4/4
   840 | D:2      | Reached skill level 1 in Armour
   870 | D:2      | You fall into a shaft and drop 1 floor!
   997 | D:3      | Found an ornate altar of the Wu Jian Council.
  1023 | D:3      | Reached XP level 4. HP: 27/27 MP: 5/5
  1264 | D:2      | Found a blossoming altar of Fedhas.
  1623 | D:2      | Gained mutation: You can fly continuously. [Tengu growth]
  1623 | D:2      | Reached XP level 5. HP: 27/32 MP: 6/6
  1626 | D:2      | Noticed Jessica
  1652 | D:2      | Killed Jessica
  2594 | D:4      | Noticed Robin
  2626 | D:4      | Killed Robin
  2728 | D:4      | Found a glowing drain.
  2732 | Sewer    | Entered a sewer
  2782 | Sewer    | Noticed a big kobold
  2788 | Sewer    | Killed a big kobold
  2788 | Sewer    | Reached skill level 5 in Long Blades
  2788 | Sewer    | Reached XP level 6. HP: 36/37 MP: 7/7
  2793 | Sewer    | Noticed Purgy
  2806 | Sewer    | Killed Purgy
  2889 | D:4      | Noticed a phantom
  2906 | D:4      | Killed a phantom
  2906 | D:4      | Reached XP level 7. HP: 39/42 MP: 8/8
  3164 | D:4      | Reached skill level 5 in Dodging
  3410 | D:4      | Reached skill level 1 in Shields
  3421 | D:4      | Noticed Natasha
  3431 | D:4      | Killed Natasha
  3581 | D:5      | Entered Level 5 of the Dungeon
  3647 | D:5      | Found a hide-covered altar of Uskayaw.
  3718 | D:5      | Reached XP level 8. HP: 48/48 MP: 9/9
  4474 | D:6      | Noticed Dowan
  4477 | D:6      | Noticed Duvessa
  4508 | D:6      | Killed Duvessa
  4751 | D:6      | Reached skill level 5 in Fighting
  4762 | D:6      | Killed Dowan
  4863 | D:6      | Noticed Pikel
  4924 | D:6      | Killed Pikel
  4924 | D:6      | Reached XP level 9. HP: 34/54 MP: 10/10
  5261 | D:7      | Noticed Joseph
  5277 | D:7      | Killed Joseph
  5471 | D:7      | Found a staircase to the Ecumenical Temple.
  5480 | Temple   | Entered the Ecumenical Temple
  5646 | Temple   | Became a worshipper of Warmaster Okawaru
  5782 | D:7      | Found a bloodstained altar of Trog.
  5945 | D:7      | Reached skill level 10 in Long Blades
  5951 | D:7      | Reached skill level 5 in Shields
  5951 | D:7      | Reached XP level 10. HP: 34/61 MP: 11/11
  6284 | D:8      | Found a radiant altar of Vehumet.
  7065 | D:8      | Noticed Harold
  7195 | D:9      | Reached * piety under Okawaru
  7365 | D:9      | Reached skill level 1 in Invocations
  7386 | D:9      | Found a runed translucent gate.
  7386 | D:9      | Found a runed translucent gate.
  7386 | D:9      | Found a runed translucent gate.
  7386 | D:9      | Noticed Fiuqy's ghost (novice DrTm)
  7393 | D:9      | Found a hazy altar of Hepliaklqana.
  7436 | D:9      | Found an opulent altar of Gozag.
  7641 | D:9      | Reached ** piety under Okawaru
  7707 | D:9      | Found a staircase to the Orcish Mines.
  7714 | D:9      | Found a white marble altar of Elyvilon.
  8078 | D:10     | Entered Level 10 of the Dungeon
  8192 | D:10     | Reached XP level 11. HP: 64/68 MP: 11/14
  8194 | D:10     | Reached *** piety under Okawaru
  8384 | D:10     | Identified the Collected Works on Creative Transmigration
  8484 | D:10     | Noticed Grum
  8498 | D:10     | Killed Grum
  9115 | Orc:1    | Entered Level 1 of the Orcish Mines
  9117 | Orc:1    | Found a bloodstained altar of Trog.
  9131 | Orc:1    | Received a gift from Okawaru
  9318 | Orc:2    | Entered Level 2 of the Orcish Mines
  9318 | Orc:2    | Noticed an orc sorcerer
  9332 | Orc:2    | Noticed an orc sorcerer
  9645 | D:8      | Found a radiant altar of Vehumet.
  9934 | D:8      | Killed Harold
 10019 | D:11     | Reached **** piety under Okawaru
 10412 | D:11     | Received a gift from Okawaru
 10450 | D:11     | Reached skill level 10 in Dodging
 10451 | D:11     | Reached XP level 12. HP: 52/75 MP: 15/15
 10564 | D:11     | Noticed a tengu warrior
 10580 | D:11     | Killed a tengu warrior
 10580 | D:11     | Reached ***** piety under Okawaru
 10640 | D:11     | Found a staircase to the Lair.
 10896 | D:11     | Noticed a death knight
 10914 | D:11     | Killed a death knight
 11377 | Lair:1   | Entered Level 1 of the Lair of Beasts
 11430 | Lair:1   | Received a gift from Okawaru
 11787 | Lair:1   | Received a gift from Okawaru
 11982 | Lair:1   | Noticed Sonja
 12004 | Lair:1   | Killed Sonja
 12605 | Lair:2   | Found a staircase to the Snake Pit.
 12778 | Lair:2   | You are sucked into a shaft and drop 1 floor!
 12793 | Lair:3   | Found a runed translucent door.
 12793 | Lair:3   | Noticed Irhican's ghost (journeyman MiBe)
 13049 | Lair:2   | Found a staircase to the Shoals.
 13839 | Lair:3   | Noticed Gastronok
 13876 | Lair:3   | Killed Gastronok
 13876 | Lair:3   | Reached skill level 10 in Fighting
 13876 | Lair:3   | Reached skill level 5 in Armour
 13876 | Lair:3   | Reached XP level 13. HP: 82/82 MP: 8/16
 14432 | Lair:4   | Received a gift from Okawaru
 14451 | Lair:4   | Got a warped ring mail {god gift}
 14520 | Lair:3   | Identified the +0 ring mail "Ocri Usu" {*Contam Int+2 SInv}
                  | (Okawaru gifted it to you on level 4 of the Lair of Beasts)
 14741 | Lair:3   | Gained mutation: You tend to lose your temper in combat.
                  | [mutagenic glow]
 15731 | Lair:4   | Reached skill level 15 in Long Blades
 16343 | Lair:5   | Found a runed translucent gate.
 16343 | Lair:5   | Found a runed translucent gate.
 16343 | Lair:5   | Found a runed translucent gate.
 16525 | Lair:5   | Noticed an ice dragon
 16526 | Lair:5   | Noticed Wolly's ghost (journeyman CeAM)
 16641 | Lair:5   | Received a gift from Okawaru
 16641 | Lair:5   | Reached XP level 14. HP: 39/90 MP: 3/17
 17322 | Lair:5   | Noticed Snorg
 17330 | Lair:5   | Killed Snorg
 17381 | Lair:5   | Found a staircase to the Slime Pits.
 17381 | Lair:5   | Found a viscous altar of Jiyva.
 17831 | Lair:6   | Entered Level 6 of the Lair of Beasts
 17972 | Lair:6   | Received a gift from Okawaru
 18037 | Lair:6   | Reached skill level 10 in Shields
 18090 | Lair:6   | Got an iridescent great mace
 18135 | Lair:6   | Found a runed translucent door.
 18664 | Lair:6   | Found a transporter.
 18678 | Lair:6   | Noticed Rexfelis's ghost (journeyman MiBe)
 18942 | Lair:6   | Found a transporter.
 19219 | Lair:6   | Reached skill level 5 in Invocations
 19515 | Lair:6   | Received a gift from Okawaru
 19620 | Lair:6   | Reached XP level 15. HP: 95/96 MP: 17/20
 19984 | Orc:2    | Noticed Blork the orc
 19996 | Orc:2    | Killed Blork the orc
 20012 | Orc:2    | Noticed an orc warlord
 20015 | Orc:2    | Found a roughly hewn altar of Beogh.
 20040 | Orc:2    | Killed an orc warlord
 20324 | Orc:2    | Found a runed translucent gate.
 20363 | Orc:2    | Found a runed translucent gate.
 20363 | Orc:2    | Found a runed translucent gate.
 20364 | Orc:2    | Found an opulent altar of Gozag.
 20365 | Orc:2    | Found Alaevoagh's Assorted Antiques.
 20365 | Orc:2    | Found Ypnero's Assorted Antiques.
 20365 | Orc:2    | Noticed kkkmkkk's ghost (journeyman GnWz)
 20486 | Orc:2    | Found Anlun's Jewellery Emporium.
 20520 | Orc:2    | Found Jaro's General Store.
 20527 | Orc:2    | Bought a wand of digging (5) for 270 gold pieces
 20542 | Orc:2    | Found Atuxeaw's Antique Armour Emporium.
 20640 | Orc:2    | Found Gytogec's Antique Weapon Emporium.
 20674 | Orc:2    | Found a staircase to the Elven Halls.
 20725 | Orc:2    | Found Teofonn's Antique Armour Shop.
 21334 | Orc:2    | Killed kkkmkkk's ghost
 21466 | Orc:1    | Noticed an orc warlord
 21497 | Orc:1    | Killed an orc warlord
 21548 | Orc:1    | Found a roughly hewn altar of Beogh.
 22720 | Lair:4   | Got a brightly glowing leather armour
 22756 | Lair:4   | Identified the cursed +0 leather armour of Quantum Leap
                  | {Str+6 Int+3} (You found it on level 4 of the Lair of
                  | Beasts)
 22885 | D:9      | Received a gift from Okawaru
 22900 | D:9      | Killed Fiuqy's ghost
 22976 | Snake:1  | Entered Level 1 of the Snake Pit
 23084 | Orc:2    | Bought an uncursed ring of poison resistance for 220 gold
                  | pieces
 23480 | Snake:1  | Identified a scroll of acquirement
 23563 | Snake:1  | Received a gift from Okawaru
 23795 | Snake:1  | Identified Buxikhoe's Further Progress in Witchery
 23889 | Snake:1  | Found Xoomnoi's Weapon Shoppe.
 23889 | Snake:1  | Found Seyjykuvi's Book Emporium.
 23899 | Snake:1  | Found Eshodo's Weapon Shoppe.
 23901 | Snake:1  | Found Xolelunogh's Distillery.
 23914 | Snake:1  | Bought a book of Minor Magic for 360 gold pieces
 23917 | Snake:1  | Learned a level 2 spell: Blink
 23979 | Snake:1  | Reached XP level 16. HP: 101/104 MP: 18/22
 24178 | Snake:1  | Reached skill level 1 in Spellcasting
 24211 | Snake:1  | Reached skill level 1 in Translocations
 24214 | Snake:1  | Noticed Rupert
 24222 | Snake:1  | Killed Rupert
 24575 | Snake:2  | Noticed a nagaraja
 24588 | Snake:2  | Killed a nagaraja
 24596 | Snake:2  | Found a runed translucent gate.
 24603 | Snake:2  | Found a runed translucent gate.
 24607 | Snake:2  | Found a runed translucent gate.
 24611 | Snake:2  | Noticed Tuffe's ghost (adept FoFi)
 24628 | Snake:2  | Noticed Saint Roka
 24659 | Snake:2  | Killed Saint Roka
 25126 | Snake:2  | Noticed a nagaraja
 25137 | Snake:2  | Killed a nagaraja
 25137 | Snake:2  | Received a gift from Okawaru
 25665 | Snake:3  | Noticed Aizul
 25690 | Snake:3  | Reached skill level 15 in Dodging
 25708 | Snake:3  | Killed Aizul
 25951 | Snake:3  | Found Tuqymi's Jewellery Shop.
 25952 | Snake:3  | Found Edwul's Gadget Emporium.
 25953 | Snake:3  | Found Suevason's Jewellery Shop.
 25963 | Snake:3  | Bought the amulet "Piob" {Acrobat +Blink rC+ Str+3} for 802
                  | gold pieces
 25963 | Snake:3  | Bought the ring "Saliux" {MR+ Str+7 Int+3 Stlth+} for 641
                  | gold pieces
 26283 | Snake:3  | Found a runed translucent gate.
 26283 | Snake:3  | Found a runed translucent gate.
 26283 | Snake:3  | Found a runed translucent gate.
 26414 | Snake:4  | Entered Level 4 of the Snake Pit
 26423 | Snake:4  | Reached XP level 17. HP: 94/111 MP: 24/24
 26488 | Snake:4  | Found the +5 scythe "Finisher" {speed, eviscerate}
 26814 | Snake:4  | Received a gift from Okawaru
 27842 | Snake:4  | Received a gift from Okawaru
 27926 | Snake:4  | Got a serpentine rune of Zot
 28568 | Snake:2  | Killed Tuffe's ghost
 28603 | Snake:2  | Got a bloodstained hat
 28614 | Snake:2  | Identified the +2 hat of Pooloul {+Inv rCorr} (You acquired
                  | it on level 2 of the Snake Pit)
 28715 | Shoals:1 | Entered Level 1 of the Shoals
 28735 | Shoals:1 | Found Jas Toum's Antique Armour Boutique.
 28818 | Shoals:1 | Reached skill level 15 in Fighting
 28830 | Shoals:1 | Found Zaruatre's Gadget Shop.
 28849 | Shoals:1 | Found Japs's Antique Weapon Emporium.
 28865 | Shoals:1 | Got an emerald-encrusted leather armour
 28888 | Shoals:1 | Identified the +3 leather armour of the Ward {Str-5 Int+5
                  | Dex+10 SInv} (You found it on level 1 of the Shoals)
 28955 | Shoals:1 | Found Baploof's Weapon Emporium.
 29017 | Shoals:1 | Found Zeipnomn's Food Emporium.
 29127 | Shoals:1 | Got a spiked ring mail
 29145 | Shoals:1 | Identified the +4 ring mail "Sas Pia" {rN+} (You found it
                  | on level 1 of the Shoals)
 29740 | Shoals:2 | Noticed Jorgrun
 29758 | Shoals:2 | Killed Jorgrun
 29858 | Shoals:2 | Reached XP level 18. HP: 119/119 MP: 25/25
 31023 | Shoals:3 | Identified the cursed +0 ring mail of Fegaogg {rPois rF-
                  | Slay+5 SInv}
 31293 | Shoals:4 | Entered Level 4 of the Shoals
 31570 | Shoals:4 | Reached ****** piety under Okawaru
 31591 | Shoals:4 | HP: 5/119 [water nymph/the raging water (33)]
 32069 | Shoals:4 | Identified the +7 flail of Intimidation {venom, rF+ rN+
                  | Str+3}
 32108 | Shoals:4 | Noticed Nikola
 32435 | Shoals:4 | Found Xaerashra's Antique Armour Emporium.
 32831 | D:12     | Noticed Nergalle
 32843 | D:12     | Killed Nergalle
 33004 | D:12     | Found Kyiturargh's Distillery.
 33030 | D:12     | Received a gift from Okawaru
 33739 | D:13     | Found a blossoming altar of Fedhas.
 33809 | D:13     | Noticed Nessos
 33825 | D:13     | Killed Nessos
 34449 | D:14     | Noticed Roxanne
 34488 | D:14     | Found a gate to the Vaults.
 35046 | D:15     | Entered Level 15 of the Dungeon
 35298 | D:15     | Found a staircase to the Depths.
 35355 | D:15     | Found an opulent altar of Gozag.
 35903 | Vaults:1 | Entered Level 1 of the Vaults
 35934 | Vaults:1 | Reached skill level 10 in Armour
 36113 | Vaults:1 | Found Dinkeh's Armour Shop.
 36122 | Vaults:1 | Reached XP level 19. HP: 127/127 MP: 26/26
 36419 | Vaults:1 | Received a gift from Okawaru
 37309 | Vaults:2 | Noticed a tentacled monstrosity
 37322 | Vaults:2 | Killed a tentacled monstrosity
 37544 | Vaults:2 | Identified the Catalogue of the Vitriolic Entourage
 37980 | Vaults:2 | Found Pyrukko's Assorted Antiques.
 38144 | Vaults:2 | Received a gift from Okawaru
 38760 | Vaults:3 | Found a staircase to the Crypt.
 38821 | Crypt:1  | Entered Level 1 of the Crypt
 38902 | Vaults:3 | Reached XP level 20. HP: 136/136 MP: 27/27
 39103 | Vaults:3 | Found Guomeek's Magic Scroll Emporium.
 39152 | Vaults:3 | Received a gift from Okawaru
 39748 | Vaults:3 | Received a gift from Okawaru
 40485 | Vaults:4 | Received a gift from Okawaru
 40953 | Vaults:4 | Found a runed translucent door.
 40953 | Vaults:4 | Noticed XiaXia's ghost (adept MiBe)
 40958 | Vaults:4 | Found a roughly hewn altar of Beogh.
 41682 | Vaults:4 | Reached XP level 21. HP: 139/144 MP: 26/28
 42222 | Vaults:4 | Killed XiaXia's ghost
 42404 | Depths:1 | Entered Level 1 of the Depths
 42748 | Depths:1 | Noticed a juggernaut
 42760 | Depths:1 | Killed a juggernaut
 42760 | Depths:1 | Received a gift from Okawaru
 43105 | Depths:1 | Found Nytroseg's Antique Armour Emporium.
 43286 | Depths:1 | Received a gift from Okawaru
 43395 | Depths:1 | Found a gateway to Hell.
 43481 | Depths:1 | Paralysed by a great orb of eyes for 4 turns
 43834 | Depths:1 | Received a gift from Okawaru
 45344 | Depths:1 | Noticed a golden dragon
 45361 | Depths:1 | Killed a golden dragon
 45554 | Depths:1 | Identified the Handbook of the Compass
 45815 | Depths:2 | Reached XP level 22. HP: 147/152 MP: 23/29
 46402 | Depths:2 | Found a gateway to a ziggurat.
 46509 | Depths:2 | Received a gift from Okawaru
 47255 | Depths:2 | Received a gift from Okawaru
 48137 | Shoals:4 | Bought heavily runed fire dragon scales for 2730 gold
                  | pieces
 48147 | Shoals:4 | Identified the cursed +0 fire dragon scales "Qiun" {*Slow
                  | +Fly rElec rF++ rC-} (You bought it in a shop on level 4 of
                  | the Shoals)
 48217 | Shoals:4 | Killed Nikola
 48376 | Shoals:4 | Noticed Polyphemus
 48387 | Shoals:4 | Killed Polyphemus
 48514 | Shoals:4 | Got a barnacled rune of Zot
 48897 | Depths:3 | Noticed Bai Suzhen
 48917 | Depths:3 | Killed Bai Suzhen
 48939 | Depths:3 | Found a one-way gate leading to the halls of Pandemonium.
 49201 | Depths:3 | Received a gift from Okawaru
 49458 | Depths:3 | Got a sparkling lapis lazuli ring
 49461 | Depths:3 | Identified the ring "Xiaj Ext" {rPois MP+9 Dex+4 Stlth+}
                  | (You found it on level 3 of the Depths)
 49605 | Depths:3 | Reached XP level 23. HP: 160/160 MP: 30/30
 49681 | Depths:3 | Received a gift from Okawaru
 50637 | Depths:4 | Found an iron altar of Okawaru.
 51550 | Depths:4 | Found a one-way gate to the infinite horrors of the Abyss.
 51934 | Depths:5 | Entered Level 5 of the Depths
 52363 | Depths:5 | Noticed Frederick
 52376 | Depths:5 | Killed Frederick
 52603 | Depths:5 | Received a gift from Okawaru
 53592 | Depths:5 | Noticed a golden dragon
 53602 | Depths:5 | Killed a golden dragon
 53724 | Depths:5 | Found a gate to the Realm of Zot.
 53904 | Depths:5 | Reached XP level 24. HP: 168/168 MP: 30/30
 54327 | Vaults:3 | Bought a scroll of teleportation for 63 gold pieces
 54327 | Vaults:3 | Bought a scroll of magic mapping for 73 gold pieces
 54384 | Vaults:2 | Bought a scroll of teleportation for 87 gold pieces
 54384 | Vaults:2 | Bought a ring of slaying for 58 gold pieces
 54669 | Depths:4 | Voluntarily entered the Abyss.
 54785 | Abyss:1  | Found a corrupted altar of Lugonu.
 55581 | Abyss:1  | Received a gift from Okawaru
 55989 | Abyss:3  | Found a corrupted altar of Lugonu.
 56034 | Abyss:3  | Gained mutation: Potions are less effective at restoring
                  | your health. [a neqoxec]
 56109 | Abyss:3  | Gained mutation: You are clumsy. (Dex -2) [a cacodemon]
 57575 | Abyss:3  | Received a gift from Okawaru
 57831 | Abyss:5  | Entered Level 5 of the Abyss
 57918 | Abyss:5  | HP: 5/170 [hell hog/fireball (12)]
 58035 | Abyss:5  | Reached XP level 25. HP: 16/175 MP: 30/30
 58060 | Abyss:5  | Killed from afar by a blizzard demon

Levels and vault maps discovered:
D:1:      minmay_arrival_four_loops, layout_loops_cross, minmay_misc_feat_roman,
          st_stairs_10, glass_columns_b
D:2:      layout_loops_ring, fedhas_altar_4, first_ration, uniq_jessica
D:3:      layout_basic, old_standard_altar, chequers_serial_rivers_small_3,
          chequers_big_river, hangedman_decor_clover_reticule,
          kennysheep_generic_room_5
D:4:      layout_basic, gup_sewer_entry_bowl,
          hangedman_abyss_or_decor_lesser_grid, uniq_robin, uniq_natasha
D:5:      layout_basic, lemuel_crystal_altar
D:6:      layout_rooms, uniq_pikel, uniq_duvessa
D:7:      layout_rooms, minmay_temple_entry_drinking_statues, grunt_livestock,
          trog_three_pillars_becter, uniq_joseph
D:8:      layout_basic, vehumet_statue, uniq_harold
D:9:      layout_irregular_city, old_standard_altar, kennysheep_mini,
          minmay_orc_entry_guard_dogs, gammafunk_ghost_spectres,
          serial_column_ruins, column_ruins_hut_ruined,
          column_ruins_columns_corner, column_ruins_open_tiny,
          column_ruins_columns_T, column_ruins_grid_3, column_ruins_grid_4,
          column_ruins_open_medium, ebering_dispersal_statue_hall,
          nicolae_gozag_cash_rules_everything_around_me
D:10:     cheibrodos_iron_armory, layout_cave_pools, serial_gnoll_camp,
          grums_kennel, gnoll_camp_mini_hut, gnoll_camp_medium_02,
          gnoll_camp_mini_basic, minivault_11
D:11:     layout_layer_cave, lair_entry_dummy
D:12:     layout_layer_cave, serial_shops, shop, uniq_nergalle
D:13:     layout_cave_pools, basic_altar, uniq_nessos
D:14:     layout_loops_corners, david_vaults_5, minmay_misc_feat_room,
          uniq_roxanne
D:15:     grunt_enter_depths_hoard, layout_rooms, lemuel_statue_altar,
          grunt_ministairs_10
Temple:   regret_index_temple_sphere_string
Lair:1:   layout_cave_pods, uniq_sonja
Lair:2:   layout_gridlike, minmay_shoals_entry_lonely_mermaid,
          minmay_snake_entry_guardpost_small
Lair:3:   statuecave_lemuel, layout_regular_city,
          hellmonk_ghost_happy_afterlife, chequers_serial_rivers_micro_b,
          minmay_hedge_maze, minmay_lair_oklob_chamber, grunt_megastairs_1,
          uniq_gastronok
Lair:4:   hangedman_what_comes_after_a, layout_big_grid,
          chequers_serial_rivers_small_b, grunt_megastairs_2, lemuel_fruit_tree
Lair:5:   layout_roguey, slime_altar_1, gammafunk_ghost_icy,
          grunt_forest_small_clearings, beast_lair_carwin_3, uniq_snorg
Lair:6:   hangedman_lair_caniforms_friends, layout_regular_city, wormcave,
          gammafunk_ghost_berserking_beasts
Shoals:1: layout_shoals, serial_shops, shop, shop, shop,
          nicolae_shop_overgrown_old_shop, nicolae_shop_overgrown_old_shop
Shoals:2: layout_shoals, uniq_jorgrun
Shoals:3: layout_shoals
Shoals:4: shoals_end_grunt_garden, layout_shoals, serial_shops,
          nicolae_shop_competitors_out_of_business,
          nicolae_shoals_dead_sea_scrolls, uniq_polyphemus, uniq_nikola
Snake:1:  layout_misc_corridors, minmay_shoptagon, grunt_megastairs_4,
          uniq_rupert
Snake:2:  layout_misc_corridors, gammafunk_ghost_necromancy, uniq_saint_roka
Snake:3:  layout_rooms, st_stairs_14, nicolae_snake_horde_hoard,
          minmay_shop_grove, uniq_aizul
Snake:4:  snake_pit, layout_cave_town, nrook_guardian_serpent_double
Orc:1:    layout_caves, basic_altar, trog_butcher_becter
Orc:2:    grunt_orc_cross, layout_caves, serial_shops,
          nicolae_shop_behind_doors, ebering_ghost_gozag
Vaults:1: vaults_mumra_hex, v_rooms_1, v_alt_pattern_1,
          nicolae_vaults_network_star, v_rooms_4, v_misc_17, v_misc_3,
          ontoclasm_vaults_decontamination, ontoclasm_vaults_twist,
          vaults_room_octagon, vaults_mumra_minichess, layout_vaults_omnibox,
          serial_shops, shop
Vaults:2: v_misc_2, v_misc_10, nicolae_vaults_network_quincunx
          [nicolae_vaults_network_quincunx_subvault,
          nicolae_vaults_network_quincunx_subvault,
          nicolae_vaults_network_quincunx_subvault,
          nicolae_vaults_network_quincunx_subvault,
          nicolae_vaults_network_quincunx_subvault], dpeg_vaults_monster_row,
          v_alt_pattern_5, v_misc_1, vaults_room_door_ring,
          nicolae_vaults_little_squares_6, layout_vaults_chaotic_city,
          serial_shops, nicolae_shop_crystal
Vaults:3: hangedman_vaults_locks, minmay_crypt_entry_simple_walls,
          vaults_mumra_chevron, ontoclasm_vaults_claustrophobia, v_misc_11,
          ontoclasm_vaults_gateway, nicolae_vaults_alarming, grunt_vaults_focal,
          ontoclasm_vaults_bender, vaults_dpeg_encased_lava,
          layout_vaults_maze_snakey, serial_shops, shop
Vaults:4: gammafunk_vaults_ghost_grave, ontoclasm_vaults_tryst, v_pattern_3,
          special_room_vaults [special_room_orc],
          ontoclasm_vaults_loading_screen, layout_vaults_omnigrid
Crypt:1:  layout_misc_corridors, grunt_crypt_arrival_split,
          roderic_lattice_octagonal_star
Depths:1: gold_lair_mu, layout_cave_shapes, lightli_too_deep, serial_shops,
          shop, st_stairs_14, grunt_ministairs_3, patterned_corridor,
          serial_bayou_shore_b
Depths:2: minmay_skeleton_keep, layout_cave_pools, enter_ziggurat_d,
          corexii_leaking_fountain, hangedman_coc_ice_floe, dispersion_dpeg,
          infiniplex_staircase_zigzag_3
Depths:3: kennysheep_water_balloons, layout_basic, rand_demon_pan_entry_3,
          grunt_hell_entry_dis_mu, infiniplex_staircase_squiggle,
          grunt_megastairs_3, uniq_bai_suzhen
Depths:4: minmay_the_grid_triangle_9x9_rhombus_thin
          [minmay_the_grid_triangle_9x9_descending_squares,
          minmay_the_grid_triangle_9x9_prize_center,
          minmay_the_grid_triangle_9x9_longest,
          minmay_the_grid_triangle_9x9_sparse_checkered], layout_cave_shapes,
          marbit_kobold_abyss_entry, hell_entry, serial_bayou_shore_a,
          drop_trap, okawaru_ov_weapons_minmay, infiniplex_staircase_pool_lava,
          firewood_loft
Depths:5: grunt_zot_entry_alcove, layout_cave_pools, minmay_splitting_lines,
          hell_entry, uniq_frederick
Abyss:5:  evilmike_abyss_rune_tso_outpost, evilmike_abyss_exit_vortex,
          hangedman_abyss_theft, minivault_26, evilmike_abyss_rune_ettins

Skill      XL: |  1  2  3  4  5  6  7  8  9 10 11 12 13 14 15 16 17 18 19 20 21 22 23 24 |
---------------+-------------------------------------------------------------------------+-----
Armour         | 1 2 3 5 6 8 10 11 12 13 | 13.5
Long Blades    | 4 5 6 8 10 11 13 14 15 16 17 18 19 20 21 22 | 22.0
Dodging        | 4 5 6 7 8 10 11 12 13 14 15 16 17 19 20 21 22 | 22.0
Fighting       | 3 4 5 6 7 8 10 11 12 13 14 15 16 18 19 20 21 22 | 22.9
Shields        | 1 3 5 6 8 9 10 11 12 13 | 13.5
Invocations    | 2 3 5 7 |  7.0
Spellcasting   | 4 |  4.3
Translocations | 4 |  4.0
Throwing       | |  2.1

Action                   |  1- 3 |  4- 6 |  7- 9 | 10-12 | 13-15 | 16-18 | 19-21 | 22-24 | 25-27 || total
-------------------------+-------+-------+-------+-------+-------+-------+-------+-------+-------++-------
Melee: Long sword        |    56 |   142 |   262 |    72 |       |       |       |       |       ||   532
       Peck              |     9 |    23 |    72 |   199 |   431 |   315 |   368 |   585 |     2 ||  2004
       Kick              |     8 |    39 |   105 |   342 |   695 |   534 |   622 |   912 |     3 ||  3260
       Scimitar          |       |       |       |   610 |  1159 |       |       |       |       ||  1769
       Dagger            |       |       |       |       |    37 |    12 |       |       |       ||    49
       Double sword      |       |       |       |       |    81 |   986 |  1147 |  1520 |     7 ||  3741
Invok: Heroism           |       |       |       |    15 |    40 |    26 |    29 |    28 |       ||   138
       Finesse           |       |       |       |     1 |     6 |     4 |     3 |     4 |       ||    18
 Abil: Fly               |       |     1 |       |       |       |     3 |       |       |       ||     4
       Stop Flying       |       |       |       |       |       |     3 |       |       |       ||     3
Evoke: Wand              |       |       |       |       |     1 |       |       |       |       ||     1
  Use: Scroll            |       |     9 |     2 |    17 |    14 |    14 |     5 |    10 |       ||    71
       Potion            |       |       |       |       |     9 |       |     1 |    10 |       ||    20
 Stab: Sleeping          |       |       |       |     6 |       |     7 |       |       |       ||    13
       Distracted        |       |       |       |     1 |     2 |     2 |       |     4 |       ||     9
       Petrified         |       |       |       |       |     2 |       |       |       |       ||     2
  Eat: Chunk             |       |     4 |     5 |    10 |    23 |    10 |    17 |     8 |       ||    77
       Ration            |       |     1 |     1 |     4 |     3 |     8 |     4 |     9 |       ||    30
Armor: Scale mail        |    18 |    61 |    61 |    24 |       |       |       |       |       ||   164
       Leather armour    |     2 |       |       |       |       |       |       |       |       ||     2
       Steam dragon scal |       |       |       |    39 |    58 |    24 |       |       |       ||   121
       Ring mail         |       |       |       |       |       |    20 |       |       |       ||    20
       Fire dragon scale |       |       |       |       |       |     5 |   104 |    89 |     1 ||   199
Dodge: Dodged            |    35 |    97 |   127 |   286 |   757 |   707 |   680 |   939 |     1 ||  3629
       Deflected         |       |       |       |       |       |    47 |    28 |    20 |       ||    95
Block: Shield            |       |       |   118 |   423 |  1151 |   813 |   705 |  1101 |     2 ||  4313
       Reflection        |       |       |       |    25 |    26 |    26 |       |       |       ||    77
       Rpst.: Long sword |    12 |    29 |    40 |     7 |       |       |       |       |       ||    88
       Scimitar          |       |       |       |    56 |   139 |       |       |       |       ||   195
       Double sword      |       |       |       |       |     8 |   114 |   119 |   166 |       ||   407
